 Dungeon Crawl Stone Soup version 0.29-a0-483-g69413ace17 (webtiles) character file.

Game seed: 12110195937661757286

1 oldark the Sneak (level 1, 0/20 HPs)
             Began as a Deep Dwarf Delver on May 25, 2022.
             Was an Initiate of Makhleb.
             Slain by Edmund
             ... wielding a +1 vorpal flail
              (7 damage)
             ... on level 4 of the Dungeon.
             The game lasted 00:01:18 (203 turns).

oldark the Sneak (Deep Dwarf Delver)                 Turns: 203, Time: 00:01:19

Health: 0/20       AC:  3    Str: 15    XL:     1   Next: 16%
Magic:  1/1        EV: 12    Int: 10    God:    Makhleb [......]
Gold:   0          SH:  0    Dex: 14    Spells: 0/0 levels left

rFire   . . .      SeeInvis .   a - +0 mace
rCold   . . .      Faith    .   (no shield)
rNeg    . . .      Spirit   .   b - +0 leather armour
rPois   .          Reflect  .   (no helmet)
rElec   .          Harm     .   (no cloak)
rCorr   .          Rampage  .   (no gloves)
Will    .....                   (no boots)
Stlth   +++.......              (no amulet)
HPRegen 0.00/turn               (no ring)
MPRegen 0.07/turn               (no ring)

@: no status effects
A: damage resistance, heal wounds, sense surroundings 1, no regeneration
a: Heal Wounds, Renounce Religion


You were on level 4 of the Dungeon.
You worshipped Makhleb.
Makhleb was noncommittal.
You visited 2 branches of the dungeon, and saw 3 of its levels.

Inventory:

Hand Weapons
 a - a +0 mace (weapon)
Armour
 b - a +0 leather armour (worn)
Wands
 d - a wand of flame (31)
 g - a wand of digging (3)
Scrolls
 c - a scroll of fog
 e - a scroll of fear
Potions
 f - a potion of haste


   Skills:
 + Level 2.7 Fighting
 * Level 2.0 Maces & Flails
 + Level 0.1 Armour
 - Level 2.1 Dodging
 - Level 6.0 Stealth


You couldn't memorise any spells.
You didn't know any spells.
Your spell library was empty.

Dungeon Overview and Level Annotations

Branches:
Dungeon (5/15)             Temple (1/1) D:5

Altars:
Cheibriados
Dithmenos
Elyvilon
Fedhas
Gozag
Hepliaklqana
Makhleb
Nemelex Xobeh
Okawaru
Qazlal
Ru
Sif Muna
Trog
Wu Jian
Xom
Yredelemnul
Zin
The Shining One

Annotations:
D:4 Edmund


Innate Abilities, Weirdness & Mutations

You are resistant to damage.
You can heal yourself by infusing magical energy.
You passively map a small area around you.
You do not regenerate.


Message History

You open the door.
There is an open door here.
You open the door.
There is an open door here.
An iguana comes into view.
There is an open door here.
You close the door.
You open the door.
Edmund and a hobgoblin come into view.
Edmund is wielding a +1 vorpal flail and carrying a wand of flame (3).
Edmund shouts!
The hobgoblin shouts!
Edmund zaps a wand.
The puff of flame hits you.
There is an open door here.
You close the door.
A hobgoblin opens the door.
You open the door.
There is an open door here.
You close the door.
A hobgoblin opens the door.
You hit the hobgoblin.
The hobgoblin is lightly wounded.
The hobgoblin misses you.
You hit the hobgoblin.
You kill the hobgoblin!
Makhleb accepts your kill.
Edmund zaps a wand.
The puff of flame hits you! Edmund hits you with a +1 vorpal flail!
* * * LOW HITPOINT WARNING * * *
x2 You feel much better.
Edmund zaps a wand.
The puff of flame misses you.
The now-empty wand crumbles to dust.
You sock Edmund!
Edmund is lightly wounded.
Edmund hits you but does no damage.
You hit Edmund but do no damage. You punch Edmund, but do no damage.
Edmund is lightly wounded.
Edmund closely misses you. Edmund hits you with a +1 vorpal flail!
Ouch! That really hurt!
You barely miss Edmund.
Edmund is lightly wounded.
Edmund hits you with a +1 vorpal flail!
You die...

#......#.##.##+####..#
###'###'##.##..####+#
,
#...................#
#...................#,
#...................#
#...##..##.....##...#
###'#######'#####...#
,
#..............##>..#,
#....@@........'....#
#..###.###.######...#
#.. *###*#.##..##...#
#.. , ...#.......# #..
, , #...#.......# ###
** ############# , * *


You could see Edmund.

Vanquished Creatures
  A hobgoblin (D:4)
1 creature vanquished.

Notes
Turn   | Place    | Note
-------+----------+-------------------------------------------
     0 | D:5      | oldark the Deep Dwarf Delver began the quest for the Orb.
     0 | D:5      | Reached XP level 1. HP: 20/20 MP: 1/1
     3 | D:5      | Noticed an iguana
     6 | D:5      | Found a staircase to the Ecumenical Temple.
    11 | D:5      | Noticed a centaur
    19 | Temple   | Entered the Ecumenical Temple
    93 | Temple   | Became a worshipper of Makhleb the Destroyer
   114 | D:5      | Noticed a jelly
   163 | D:4      | Noticed an iguana
   183 | D:4      | Noticed Edmund
   203 | D:4      | Slain by Edmund

Illustrated notes

Levels and vault maps discovered:
D:4:      layout_gridville, uniq_edmund, uniq_ijyb
D:5:      layout_rooms, minmay_temple_entry_slanted, uniq_prince_ribbit1,
          uniq_blork_the_orc
Temple:   hc_temple_tempest_star

Action                   || total
-------------------------++-------
Melee: Mace              ||     5
       Punch             ||     1
 Abil: Heal Wounds       ||     1
  Use: Scroll            ||     1
Armor: Leather armour    ||     1
Dodge: Dodged            ||     3

Table legend: (Time is in decaauts)
 A = Elapsed time spent in this place.
 B = Non-inter-level travel time spent in this place.
 C = Inter-level travel time spent in this place.
 D = Time resting spent in this place.
 E = Time spent auto-exploring this place.
 F = Levels seen in this place.
 G = Mean time per level.
                   A        B        C        D        E       F      G
               +--------+--------+--------+--------+--------+-----+--------+
         Total |    204 |    188 |     16 |      0 |     88 |   3 |   68.0 |
       Dungeon |    114 |    112 |      2 |      0 |     43 |   2 |   57.0 |
        Temple |     89 |     75 |     14 |      0 |     45 |   1 |   89.0 |
               +--------+--------+--------+--------+--------+-----+--------+

Top non-repeatable levels by time:
  Temple: 89 daAuts
     D:4: 85 daAuts
     D:5: 29 daAuts
